 Dungeon Crawl Stone Soup version 0.17-a0-737-gf0a300a (webtiles) character file.

813 Ngotmuk the Skirmisher (level 7, -1/66 HPs)
             Began as a Naga Fighter on Apr 21, 2015.
             Was an Initiate of Cheibriados.
             Slain by Prince Ribbit (9 damage)
             ... on level 5 of the Dungeon.
             The game lasted 00:13:57 (3661 turns).

Ngotmuk the Skirmisher (Naga Fighter)               Turns: 3661, Time: 00:13:57

Health: -1/66      AC: 14    Str: 21    XL:     7   Next: 93%
Magic:  7/7        EV:  3    Int:  9    God:    Cheibriados [......]
Gold:   260        SH:  9    Dex: 12    Spells: 0 memorised, 6 levels left

rFire  . . .     SeeInvis +     a - +0 long sword
rCold  . . .     Clarity  .     i - +0 chain mail
rNeg   . . .     SustAb   .     c - +0 shield
rPois  +         Gourm    .     (no helmet)
rElec  .         Spirit   .     o - +1 cloak
rCorr  .         Warding  .     (no gloves)
rMut   .         Rnd*Tele +     t - +0 naga barding
MR     .....                    (no amulet)
Stlth  ..........               x - ring of flight
                                f - ring of wizardry

@: short of breath, very slow, not resistant to hostile enchantments, extremely
unstealthy
A: see invisible, deformed body, deterioration 1, poison resistance, screaming
1, slowness 2, slow metabolism 1, spit poison 2, teleportitis 1, placid magic 1,
AC +2
a: Spit Poison, Bend Time, Renounce Religion, Evoke Flight


You were on level 5 of the Dungeon.
You worshipped Cheibriados.
Cheibriados was noncommittal.
You were not hungry.

You visited 1 branch of the dungeon, and saw 5 of its levels.

You collected 260 gold pieces.

Inventory:

Hand weapons
 a - a +0 long sword (weapon)
Armour
 c - a +0 shield (worn)
 i - a +0 chain mail (worn)
 o - a +1 cloak (worn)
 t - a +0 naga barding (worn)
Jewellery
 f - a ring of wizardry (left hand)
 x - a ring of flight (right hand)
Magical devices
 p - a wand of slowing (24)
 u - a wand of digging (17)
 y - a wand of random effects (21)
Scrolls
 g - 3 scrolls of identify {unknown}
 h - a scroll of enchant armour {unknown}
 j - a scroll of immolation {unknown}
 r - a scroll of fear {unknown}
 s - a scroll of recharging {unknown}
 w - a scroll of remove curse {unknown}
 z - a scroll of noise {unknown}
 A - a scroll of magic mapping {unknown}
Potions
 d - a potion of might
 k - 3 potions of curing {unknown}
 l - 3 potions of heal wounds {unknown}
 m - a potion of brilliance {unknown}
 q - a potion of haste {unknown}
 v - 2 potions of poison {unknown}
Comestibles
 e - 2 bread rations
 n - 2 fruits


   Skills:
 + Level 4.7 Fighting
 + Level 4.2 Long Blades
 + Level 3.8 Armour
 + Level 3.0 Dodging
 + Level 4.0 Shields
 + Level 0.7 Invocations


You had 6 spell levels left.
You didn't know any spells.

Dungeon Overview and Level Annotations

Branches:
Dungeon (5/15)             Temple (0/1) D:5

Altars:
Cheibriados
Elyvilon
Fedhas
Nemelex Xobeh
Qazlal
Ru

Annotations:
D:5 Prince Ribbit


Innate Abilities, Weirdness & Mutations

You cannot wear boots.
Your serpentine skin is tough (AC +2).
You have supernaturally acute eyesight.
Armour fits poorly on your strangely shaped body.
Your system is resistant to poisons.
You cover ground very slowly.
You have a slow metabolism.
You can spit poison.
Your body is slowly deteriorating.
You occasionally shout uncontrollably at your foes.
You are occasionally teleported to nearby monsters.
Your spells are a little easier to cast, but a little less powerful.


Message History

You climb downwards.
You hear the hiss of flowing sand.
There is an entrance to an ossuary on this level.
Hurry and find it before the portal is buried!
There is a stone staircase leading up, spattered with blood here.
Prince Ribbit momentarily phases out as your attack passes through him.
Prince Ribbit is heavily wounded.
You block Prince Ribbit's attack. Prince Ribbit hits you.
* * * LOW HITPOINT WARNING * * *
Use which ability? (? or * to list)
Press: ? - help, Shift-Dir - straight line, f - Prince Ribbit
Aim: Prince Ribbit (heavily wounded) Prince Ribbit momentarily phases out as the splash of poison passes through him.
You feel slightly more hungry. You block Prince Ribbit's attack.
Prince Ribbit momentarily phases out as your attack passes through him.
Prince Ribbit is heavily wounded.
Prince Ribbit hits you but does no damage. x2
Prince Ribbit momentarily phases out as your attack passes through him.
Prince Ribbit is heavily wounded.
You block Prince Ribbit's attack. Prince Ribbit hits you!
You die...

#### ..### ....
##.#.####.#######
.......F@.........
.....####.#######
# #...........
##.........
#...#.#...
...#.#.#..
##.#.#.#.# #. # >
# .. #


You could see Prince Ribbit.

Vanquished Creatures
  Sigmund (D:3)
  A sky beast (D:4)
  2 ogres (D:4)
  A scorpion (D:4)
  2 iguanas (D:4)
  An orc wizard (D:4)
  2 giant frog skeletons (D:4)
  A worker ant (D:4)
  A hound skeleton (D:4)
  6 adders
  5 oozes
  2 adder skeletons (D:4)
  2 worms (D:2)
  A giant gecko (D:1)
  12 orcs
  8 bats
  A bat skeleton (D:4)
  4 goblins
  5 hobgoblins
  4 jackals (D:1)
  9 kobolds
  A quokka (D:4)
  A ball python (D:1)
  A giant cockroach (D:2)
  4 giant newts
  A jackal skeleton (D:4)
  8 rats
87 creatures vanquished.

Notes
Turn   | Place    | Note
--------------------------------------------------------------
     0 | D:1      | Ngotmuk, the Naga Fighter, began the quest for the Orb.
     0 | D:1      | Reached XP level 1. HP: 21/21 MP: 1/1
   180 | D:1      | Reached XP level 2. HP: 25/28 MP: 2/2
   751 | D:1      | Reached XP level 3. HP: 17/34 MP: 3/3
  1242 | D:2      | Reached skill level 1 in Dodging
  1429 | D:2      | Found a sparkling altar of Nemelex Xobeh.
  1435 | D:2      | Reached XP level 4. HP: 34/42 MP: 4/4
  1880 | D:3      | Found a stormy altar of Qazlal.
  1887 | D:3      | Found a blossoming altar of Fedhas.
  1900 | D:3      | Found a sacrificial altar of Ru.
  1930 | D:3      | Noticed Sigmund
  2369 | D:3      | Killed Sigmund
  2369 | D:3      | Reached XP level 5. HP: 27/50 MP: 5/5
  2369 | D:3      | Reached XP level 6. HP: 30/57 MP: 6/6
  2665 | D:4      | Reached skill level 4 in Fighting
  2721 | D:4      | Reached XP level 7. HP: 41/64 MP: 7/7
  3138 | D:4      | Found a snail-covered altar of Cheibriados.
  3142 | D:4      | Became a worshipper of Cheibriados the Contemplative
  3152 | D:4      | Found a white marble altar of Elyvilon.
  3595 | D:5      | Entered Level 5 of the Dungeon
  3595 | D:5      | Found a staircase to the Ecumenical Temple.
  3595 | D:5      | Noticed Prince Ribbit
  3626 | D:4      | Gained mutation: Your spells are a little easier to cast, but a little less powerful. [mutagenic meat]
  3628 | D:4      | Gained mutation: You occasionally shout uncontrollably at your foes. [mutagenic meat]
  3629 | D:4      | Gained mutation: You are occasionally teleported to nearby monsters. [mutagenic meat]
  3630 | D:4      | Gained mutation: Your body is slowly deteriorating. [mutagenic meat]
  3661 | D:5      | Slain by Prince Ribbit

Action                   |  1- 3 |  4- 6 |  7- 9 || total
-------------------------+-------+-------+-------++-------
Melee: Long sword        |   143 |   123 |   125 ||   391
 Abil: Spit Poison       |     4 |     7 |     6 ||    17
  Eat: Fruit             |     1 |       |       ||     1
       Royal jelly       |       |     1 |       ||     1
       Beef jerky        |       |     1 |       ||     1
       Pizza             |       |     1 |     1 ||     2
       Chunk             |       |       |     6 ||     6
       Bread ration      |       |       |     1 ||     1
